 Dungeon Crawl Stone Soup version 0.31-a0-981-geadf994542 (webtiles) character file.

Game seed: 447587083775388564

1012 omnomnOMINOUS the Chopper (level 8, -1/54 HPs)
             Began as an Octopode Wanderer on Nov 1, 2023.
             Was a Follower of the Shining One.
             Slain by an ice beast (4 damage)
             ... on level 5 of the Dungeon.
             The game lasted 00:14:09 (5324 turns).

omnomnOMINOUS the Chopper (Octopode Wanderer)       Turns: 5324, Time: 00:14:10

Health: -1/54      AC:  1    Str: 10    XL:     8   Next: 21%
Magic:  9/9        EV: 15    Int: 19    God:    the Shining One [*.....]
Gold:   1000       SH:  6    Dex: 16    Spells: 3/9 levels left

rFire   . . .        a - +2 hand axe
rCold   . . .        k - orb {light}
rNeg    . . .        m - +0 hat
rPois   +            e - amulet of magic regeneration
rElec   .            p - ring of poison resistance
rCorr   .            q - +6 ring of dexterity
SInv    .            (no ring)
Will    .....        (no ring)
Stlth   +            (no ring)
HPRegen 0.29/turn    (no ring)
MPRegen 0.51/turn    (no ring)
                     (no ring)

%: no passive effects
@: divinely shielded, glowing
A: almost no armour, amphibious, 8 rings, camouflage 1, gelatinous body 1,
(nimble swimmer 1), tentacles
a: Renounce Religion, Divine Shield


You were on level 5 of the Dungeon.
You worshipped the Shining One.
The Shining One was aware of your devotion.
You visited 1 branch of the dungeon, and saw 6 of its levels.

You collected 1000 gold pieces.

Inventory:

Hand Weapons
 a - a +2 hand axe (weapon)
Missiles
 h - 2 throwing nets
 n - 2 curare-tipped darts
Armour
 k - an orb of light (worn)
 m - a +0 hat (worn)
Magical Staves
 b - a staff of conjuration
 v - a staff of poison
Jewellery
 e - an amulet of magic regeneration (around mantle)
 p - a ring of poison resistance (left tentacle)
 q - a +6 ring of dexterity (right tentacle)
Scrolls
 d - a scroll of identify
 g - a scroll of silence
 i - a scroll of fog
 o - a scroll of revelation
 r - a scroll of vulnerability
 s - a scroll of enchant weapon
Potions
 f - 3 potions of attraction


   Skills:
 + Level 4.1 Fighting
 + Level 5.3 Axes
 + Level 5.2 Dodging
 - Level 1.3 Stealth
 - Level 1.0 Spellcasting
 + Level 2.5 Conjurations
 - Level 3.3 Summonings
 + Level 2.5 Transmutations
 - Level 1.1 Evocations


You had 3 spell levels left.
You knew the following spells:

 Your Spells              Type           Power      Damage    Failure   Level
a - Summon Small Mammal   Summ           52%        N/A       4%          1
b - Irradiate             Conj/Tmut      5%         3d13      88%         5

Your spell library contained the following spells:

 Spells                   Type           Power      Damage    Failure   Level
 Wereblood                Tmut           10%        N/A       10%         2
 Sting                    Tmut/Pois      20%        1d4       11%         1
 Poisonous Vapours        Pois/Air       0%         N/A       28%         2
 Summon Guardian Golem    Hex/Summ       7%         N/A       28%         3
 Olgreb's Toxic Radiance  Pois           0%         N/A       88%         4


Dungeon Overview and Level Annotations

Branches:
Dungeon (6/15)
 Temple: D:4-7

Altars:
Ashenzari
Elyvilon
Makhleb
Ru
Xom
The Shining One


Innate Abilities, Weirdness & Mutations

You cannot wear most types of armour.
You are amphibious.
You can wear up to eight rings at the same time.
Your skin changes colour to match your surroundings (Stealth+).
Your rubbery body absorbs attacks. (AC +1, EV +1)
((You are camouflaged when in or above water. (Stealth+)))
You have tentacles for arms and can constrict up to eight enemies at once.


Message History

The ice beast closely misses you.
You hit the ice beast but do no damage.
The ice beast is heavily wounded.
The ice beast hits you. The ice beast freezes you!
* * * LOW HITPOINT WARNING * * *
Unknown command.
Okay, then.
Unknown command.
Okay, then.
Unknown command.
You barely miss the ice beast.
The ice beast is heavily wounded.
The ice beast completely misses you.
You hit the ice beast.
The ice beast is severely wounded.
The ice beast closely misses you.
You hit the ice beast but do no damage.
The ice beast is severely wounded.
The ice beast closely misses you.
You hit the ice beast.
The ice beast is severely wounded.
The ice beast closely misses you.
You hit the ice beast.
The ice beast is almost dead.
You block the ice beast's attack.
You hit the ice beast but do no damage.
The ice beast is almost dead.
The ice beast hits you.
* * * LOW HITPOINT WARNING * * *
The ice beast freezes you!
* * * LOW HITPOINT WARNING * * *
Unknown command.
You hit the ice beast but do no damage.
You squeeze the ice beast, but do no damage.
The ice beast is almost dead.
The ice beast closely misses you.
You hit the ice beast but do no damage.
The ice beast is almost dead.
The ice beast hits you.
You die...

#.........###........#.#
+.........+.....>.#..#.#
#...<.....###.....#..#.#
##.......## #.#...#..#.#
##.<...## #..........#
##...## #.#...#.####
##'## #...h...# #.#
####Y#### #.# #@# ##.##
#.# ####.<.#########.#
.##..............#
..##.........#####
.........###.#
..##..#### #.#
.###..######.# ##
#.........#


You could see a black bear and an ice beast.

Vanquished Creatures
  2 black bears
  A phantom (D:5)
  3 scorpions
  A jelly (D:5)
  An orc priest (D:5)
  2 hounds
  A sleepcap (D:4)
  3 iguanas
  An orc wizard (D:5)
  11 gnolls
  3 adders
  A worm (D:2)
  8 dart slugs
  9 orcs
  4 endoplasms
  3 giant cockroaches
  4 hobgoblins
  8 jackals
  8 kobolds
  A quokka (D:2)
  9 ball pythons
  8 bats
  5 goblins
  4 rats
101 creatures vanquished.

Vanquished Creatures (collateral kills)
  An ogre (D:5)
1 creature vanquished.

Grand Total: 102 creatures vanquished

Notes
Turn   | Place    | Note
-------+----------+-------------------------------------------
     0 | D:1      | omnomnOMINOUS the Octopode Wanderer began the quest for the
                  | Orb.
     0 | D:1      | omnomnOMINOUS set off with the following items: a +2 hand
                  | axe, a +0 hat, a scroll of blinking; and the following
                  | spell memorised: Summon Small Mammal; and the following
                  | spells available to memorise: Summon Guardian Golem.
     0 | D:1      | Reached XP level 1. HP: 11/11 MP: 2/2
    44 | D:1      | Reached XP level 2. HP: 14/18 MP: 3/3
   485 | D:2      | Reached skill level 1 in Fighting
   536 | D:2      | Reached XP level 3. HP: 14/23 MP: 4/4
   710 | D:2      | Found a faded altar of an unknown god.
   720 | D:2      | Prayed at the altar of an unknown god.
   720 | D:2      | Became a worshipper of Elyvilon the Healer
   720 | D:2      | Reached * piety under Elyvilon
   953 | D:2      | Reached XP level 4. HP: 28/28 MP: 5/5
  1049 | D:2      | You fall into a shaft and drop 2 floors!
  1157 | D:3      | Reached ** piety under Elyvilon
  1167 | D:3      | Found a large runed translucent door.
  1169 | D:3      | Found a large runed translucent door.
  2194 | D:3      | Found a shimmering altar of Xom.
  2219 | D:3      | Reached XP level 5. HP: 34/34 MP: 6/6
  2672 | D:4      | Reached *** piety under Elyvilon
  2816 | D:4      | Reached XP level 6. HP: 12/41 MP: 7/7
  2973 | D:4      | Found a sacrificial altar of Ru.
  2973 | D:4      | Found a glowing golden altar of the Shining One.
  2973 | D:4      | Found a burning altar of Makhleb.
  2979 | D:4      | Fell from the grace of Elyvilon
  2979 | D:4      | Became a worshipper of the Shining One
  2979 | D:4      | Reached * piety under the Shining One
  3446 | D:5      | Entered Level 5 of the Dungeon
  3534 | D:5      | Identified a scroll of acquirement
  3535 | D:5      | Acquired 748 gold pieces
  3730 | D:5      | Noticed a black bear
  3750 | D:5      | Noticed a black bear
  3766 | D:5      | Learned a level 5 spell: Irradiate
  3779 | D:5      | Noticed an ice beast
  3872 | D:5      | Reached XP level 7. HP: 31/46 MP: 8/8
  3978 | D:5      | Reached skill level 1 in Conjurations
  3978 | D:5      | Reached skill level 1 in Transmutations
  4285 | D:5      | Reached skill level 5 in Axes
  4544 | D:5      | Reached skill level 5 in Dodging
  4644 | D:6      | Reached XP level 8. HP: 17/54 MP: 9/9
  5259 | D:5      | Found a broken altar of Ashenzari.
  5322 | D:5      | HP: 2/54 [ice beast (9)]
  5324 | D:5      | Slain by an ice beast

Illustrated notes

Levels and vault maps discovered:
D:1:      scummos_arrival_forest, layout_rooms, minivault_27
D:2:      layout_loops_ring, ebering_ecumenical_altar_sacrificial, moated_statue
D:3:      due_chaos_kobolds, layout_basic
D:4:      kennysheep_slugbush, layout_basic,
          gammafunk_temple_overflow_forgotten, minmay_misc_feat_tower,
          grunt_ministairs_11, bh_walls_and_bars
D:5:      layout_loops_corners, mainiacjoe_overflow_alcove_2
D:6:      layout_loops_ring, grunt_dithmenos_smoke_and_mirrors,
          nemelex_diamond_rough_becter, minmay_temple_entry_butterflies,
          minmay_tree_intersection, uniq_crazy_yiuf_cottage

Skill      XL: |  1  2  3  4  5  6  7  8 |
---------------+-------------------------+-----
Fighting       | 1 2 3 4 |  4.1
Summonings     | 2 3 |  3.3
Axes           | 4 5 |  5.3
Dodging        | 4 5 |  5.2
Conjurations   | 2 |  2.5
Transmutations | 2 |  2.5
Stealth        | |  1.3
Spellcasting   | |  1.0
Evocations     | |  1.1

Action                     |  1- 3 |  4- 6 |  7- 9 || total
---------------------------+-------+-------+-------++-------
  Melee: Hand axe          |    57 |   105 |    75 ||   237
         Constrict         |    15 |    33 |    13 ||    61
         Tentacles         |    10 |    24 |    27 ||    61
         Punch             |       |     3 |     2 ||     5
   Cast: Summon Small Mamm |     3 |     5 |    12 ||    20
 Invoke: Divine Shield     |       |     1 |     1 ||     2
    Use: Potion            |       |    11 |       ||    11
         Scroll            |       |     7 |     3 ||    10
   Stab: Sleeping          |     5 |     3 |       ||     8
 Armour: Skin              |    20 |    60 |    36 ||   116
  Dodge: Dodged            |    37 |    69 |    43 ||   149
  Block: Orb               |       |     3 |     1 ||     4

Table legend: (Time is in decaauts)
 A = Elapsed time spent in this place.
 B = Non-inter-level travel time spent in this place.
 C = Inter-level travel time spent in this place.
 D = Time resting spent in this place.
 E = Time spent auto-exploring this place.
 F = Levels seen in this place.
 G = Mean time per level.
                   A        B        C        D        E       F      G
               +--------+--------+--------+--------+--------+-----+--------+
         Total |   5350 |   5017 |    333 |    773 |   3139 |   6 |  891.7 |
       Dungeon |   5350 |   5017 |    333 |    773 |   3139 |   6 |  891.7 |
               +--------+--------+--------+--------+--------+-----+--------+

Top non-repeatable levels by time:
     D:5: 1693 daAuts
     D:2: 1036 daAuts
     D:4: 983 daAuts
     D:3: 981 daAuts
     D:1: 485 daAuts
     D:6: 169 daAuts
